 Dungeon Crawl Stone Soup version 0.21.1-1-g345015fe64 (webtiles) character file.

104865 Evaline the Archer (level 15, -2/136 HPs)
             Began as a Centaur Hunter on July 5, 2018.
             Was the Champion of Okawaru.
             Slain by a dire flail of venom (16 damage)
             ... on level 1 of the Elven Halls on July 6, 2018.
             The game lasted 05:09:19 (37729 turns).

Evaline the Archer (Centaur Hunter)                Turns: 37729, Time: 05:09:20

Health: -2/136     AC: 25    Str: 22    XL:     15   Next: 93%
Magic:  30/30      EV:  5    Int: 10    God:    Okawaru [******]
Gold:   848        SH:  0    Dex: 12    Spells: 13/14 levels left

rFire    + . .     SeeInvis .   a - +1 great mace (crush)
rCold    . . .     Gourm    .   (shield currently unavailable)
rNeg     + + .     Faith    +   M - +2 chain mail {rF+}
rPois    +         Spirit   .   D - +1 helmet
rElec    .         Reflect  .   H - +2 cloak {+Inv}
rCorr    .         Harm     .   (no gloves)
MR       ++...                  U - +1 centaur barding {Fly}
Stlth    ..........             X - amulet of the Komodo Dragon {Faith rF- rN++}
HPRegen  0.32/turn              P - ring "Fommeolu" {rPois rF+ MP+9 Str+3 Stlth+}
MPRegen  0.22/turn              p - ring of protection from magic

@: lethally poisoned (-2 -> -10), flying, very quick
A: large, hooves 3, deformed body, speed 2, tough skin 3
a: Heroism, Finesse, Renounce Religion, Evoke Invisibility, Stop Flying


You were on level 1 of the Elven Halls.
You worshipped Okawaru.
Okawaru was exalted by your worship.
You were not hungry.

You visited 5 branches of the dungeon, and saw 25 of its levels.
You also visited: Ice Cave.

You collected 3012 gold pieces.
You spent 2164 gold pieces at shops.

Inventory:

Hand Weapons
 a - a +1 great mace of crushing (weapon)
 b - a +2 shortbow of flaming
 e - a +0 great mace of freezing
 q - a +2 trident of venom
 w - a +6 dire flail of protection
Missiles
 d - 181 arrows
 y - 8 silver tomahawks (quivered)
Armour
 D - a +1 helmet (worn)
 H - a +2 cloak of invisibility (worn)
 M - a +2 chain mail of fire resistance (worn)
 U - a +1 centaur barding of flying (worn)
 V - a +3 plate armour
Jewellery
 p - a ring of protection from magic (right hand)
 s - the ring "Ivvon" {MP-9 Str+2 SInv Stlth-}
   (You found it on level 6 of the Lair of Beasts)

   [ring of loudness]

   It affects your strength (+2).
   It affects your magic capacity (-9).
   It lets you see invisible.
   It makes you less stealthy.
 x - an uncursed ring of protection from magic
 I - an uncursed ring of resist corrosion
 J - an uncursed ring of positive energy
 P - the ring "Fommeolu" (left hand) {rPois rF+ MP+9 Str+3 Stlth+}
   (You bought it in a shop on level 2 of the Orcish Mines)

   [ring of magical power]

   It affects your strength (+3).
   It protects you from fire.
   It protects you from poison.
   It affects your magic capacity (+9).
   It makes you more stealthy.
 R - an uncursed ring of protection from cold
 X - the amulet of the Komodo Dragon (around neck) {Faith rF- rN++}
   (You took it off an orc priest on level 11 of the Dungeon)

   [amulet of faith]

   It allows you to gain divine favour quickly.
   It makes you vulnerable to fire.
   It greatly protects you from negative energy.
Wands
 i - a wand of acid (17)
 j - a wand of paralysis (19)
 E - a wand of random effects (56)
 Q - a wand of polymorph (62)
Scrolls
 g - 7 scrolls of teleportation
 h - 7 scrolls of remove curse
 k - 5 scrolls of magic mapping
 l - 5 scrolls of immolation
 n - 3 scrolls of identify
 v - 4 scrolls of enchant weapon
 F - 3 scrolls of fog
 N - 2 scrolls of blinking
 S - a scroll of summoning
 T - 5 scrolls of fear
 W - 4 scrolls of enchant armour
Potions
 c - 3 potions of might
 m - 10 potions of curing
 r - 2 potions of invisibility
 t - a potion of agility
 u - 4 potions of lignification
 G - a potion of berserk rage
 K - a potion of mutation
 L - 4 potions of haste
 O - 8 potions of heal wounds
 Z - a potion of resistance
Miscellaneous
 z - a fan of gales
 Y - a box of beasts
Comestibles
 f - 35 rations


   Skills:
 + Level 13.5 Fighting
   Level 1.3(10.2) Axes
 + Level 13.6(13.7) Maces & Flails
 + Level 7.0(7.1) Polearms
 - Level 14.0 Bows
 * Level 10.8 Armour
 - Level 1.3 Dodging
 - Level 0.4 Stealth
 - Level 8.0 Invocations
 * Level 4.4 Evocations


You had 13 spell levels left.
You knew the following spells:

 Your Spells              Type           Power        Failure   Level  Hunger
a - Apportation           Tloc           #.....       91%         1    ##.....


Dungeon Overview and Level Annotations

Branches:
Dungeon (15/15)            Temple (1/1) D:4            Lair (6/6) D:8
  Swamp (0/4) Lair:4        Snake (0/4) Lair:4        Slime (0/5) Lair:6
    Orc (2/2) D:9             Elf (1/3) Orc:2        Vaults (0/5) D:13
 Depths (0/5) D:15

Altars:
Ashenzari
Cheibriados
Dithmenos
Elyvilon
Fedhas
Gozag
Hepliaklqana
Kikubaaqudgha
Makhleb
Nemelex Xobeh
Okawaru
Qazlal
Ru
Sif Muna
Trog
Uskayaw
Vehumet
Wu Jian
Xom
Yredelemnul
Zin
The Shining One
Beogh
Jiyva

Shops:
D:6 *   D:10 !   D:15 (=   Orc:2 [*=(   Elf:1 **(

Annotations:
D:10 1 transporter
D:15 Rupert


Innate Abilities, Weirdness & Mutations

You have hooves in place of feet.
Armour fits poorly on your strangely shaped body.
You cover ground very quickly.
You have extremely tough skin. (AC +3)


Message History

The air elemental hits you but does no damage.
The dire flail of venom hits you but does no damage.
The air elemental hits you.
* * * LOW HITPOINT WARNING * * *
A deep elf mage comes into view.
It is wielding a jewelled war axe {drain}.
You feel sick.
The deep elf mage shouts!
You hear a shout!
The air elemental hits you but does no damage.
The deep elf mage moves out of view.
You feel sick.
The air elemental hits you but does no damage.
You miss the air elemental.
The air elemental is moderately damaged.
You feel sick. The air elemental hits you.
* * * LOW HITPOINT WARNING * * *
The dire flail of venom hits you!
* * * LOW HITPOINT WARNING * * *
The air elemental hits you but does no damage.
The dire flail of venom hits you!
You die...

...# #.#'###.##.#
....# ##.+∩+......#
.....###..#'#...####
...$........#####
............#
##..(.....###
#......)†.#
....###..)# .##
#..@#
#.###.(E###.#..
...............
........(......
........)......
..##...[###..P. ##
#.#### .P∩. #.


PPP #. .. You could see an air elemental and a dire flail of venom.

Vanquished Creatures
  Gastronok (Lair:1)
  A fire giant (D:15)
  An orc warlord (Orc:1)
  The ghost of GotenAND the Severer, a journeyman DDFi of Makhleb (Orc:2)
  The ghost of Fascinator the Thaumaturge, a journeyman DrTm of the Shining One (D:12)
  Harold (Orc:1)
  12 hydras
  Erica (D:8)
  A rakshasa (D:15)
  6 dancing weapons
  A death knight (D:14)
  6 two-headed ogres
  A tengu warrior (D:13)
  4 death yaks
  3 orc high priests (Orc:2)
  Sonja (D:12)
  Nergalle (D:12)
  5 skeletal warriors (D:10)
  3 unseen horrors
  2 orc knights
  Pikel (D:5)
  6 ugly things
  4 orc sorcerers
  A deep elf mage (Elf:1)
  A manticore (D:11)
  5 cyclopes
  5 elephants (Lair:5)
  6 black mambas
  An ice statue (IceCv)
  4 gargoyles
  23 spiny frogs
  2 efreet (D:15)
  2 rime drakes (D:15)
  6 komodo dragons
  20 polar bears
  3 trolls
  A hornet (D:13)
  A merfolk (D:11)
  10 blink frogs
  9 hippogriffs
  16 slime creatures
  5 tyrant leeches (Lair:6)
  A shadow (D:14)
  A redback (shapeshifter) (Elf:1)
  3 vampires
  An air elemental (Elf:1)
  3 water elementals
  3 wyverns
  3 wraiths
  71 yaks
  3 basilisks
  A hungry ghost (D:10)
  2 hogs (D:11)
  6 vampire mosquitoes
  A warg (Orc:2)
  A soldier ant (D:9)
  A naga (Lair:4)
  9 water moccasins
  Edmund (D:4)
  42 orc warriors
  8 porcupines
  3 ice beasts
  10 ogres
  15 black bears
  4 sky beasts
  12 centaurs
  A phantom (D:13)
  4 boggarts (Lair:5)
  7 crocodiles
  30 wolves
  2 big kobolds
  Blork the orc (D:4)
  A wyvern zombie (D:14)
  36 bullfrogs
  An earth elemental (Elf:1)
  3 gnoll sergeants (D:11)
  A wyvern skeleton (D:6)
  A water moccasin skeleton (D:11)
  4 scorpions
  7 electric eels
  13 wights
  6 crimson imps
  A howler monkey (D:6)
  2 bullfrog zombies
  A quasit (D:10)
  2 centaur zombies
  4 jellies
  2 gnoll shamans (D:11)
  3 centaur skeletons
  21 orc priests
  7 hounds
  21 orc wizards
  A bullfrog skeleton (D:4)
  5 iguanas
  Terence (D:3)
  Natasha (thrice) (D:4)
  6 worker ants
  3 killer bee zombies
  A hound skeleton (D:9)
  Robin (D:3)
  7 gnolls
  8 adders
  3 shadow imps
  2 oozes (D:1)
  An adder skeleton (D:2)
  2 dart slugs (D:1)
  4 worms
  7 leopard geckos
  117 orcs
  7 bats
  2 bat zombies (D:4)
  11 giant cockroaches
  14 goblins
  11 hobgoblins
  2 jackals (D:1)
  12 kobolds
  5 quokkas
  5 frilled lizards
  A leopard gecko skeleton (D:7)
  8 rats
  A rat zombie (D:4)
  A fungus (Orc:2)
  3 plants
827 creatures vanquished.

Vanquished Creatures (others)
  A frost giant (IceCv)
  A rime drake (IceCv)
  3 yaks (IceCv)
  An ogre (D:8)
  A hound (D:8)
  A jelly (D:8)
  An orc wizard (D:6)
  An adder (D:11)
  2 orcs (D:8)
  19 fungi
  42 plants
73 creatures vanquished.

Grand Total: 900 creatures vanquished

Notes
Turn   | Place    | Note
-------+----------+-------------------------------------------
     0 | D:1      | Evaline the Centaur Hunter began the quest for the Orb.
     0 | D:1      | Reached XP level 1. HP: 17/17 MP: 1/1
   106 | D:1      | Reached XP level 2. HP: 22/24 MP: 2/2
   156 | D:1      | Reached skill level 6 in Bows
   280 | D:1      | Reached XP level 3. HP: 26/29 MP: 3/3
   381 | D:1      | Reached skill level 1 in Polearms
   876 | D:2      | Found a blossoming altar of Fedhas.
   940 | D:2      | Found a sparkling altar of Nemelex Xobeh.
  1025 | D:2      | Found a white marble altar of Elyvilon.
  1034 | D:2      | Reached XP level 4. HP: 34/36 MP: 4/4
  1319 | D:3      | Found an opulent altar of Gozag.
  1377 | D:3      | Reached skill level 1 in Armour
  1699 | D:3      | Reached XP level 5. HP: 20/42 MP: 5/5
  1977 | D:3      | Noticed Terence
  2239 | D:3      | Found a sacrificial altar of Ru.
  2239 | D:3      | Noticed Robin
  2255 | D:3      | Killed Robin
  2330 | D:3      | Killed Terence
  2666 | D:4      | Found an ancient bone altar of Kikubaaqudgha.
  2821 | D:4      | Found a faded altar of an unknown god.
  2821 | D:4      | Found a staircase to the Ecumenical Temple.
  2849 | Temple   | Entered the Ecumenical Temple
  3068 | D:4      | Became a worshipper of the Shining One
  3068 | D:4      | Reached * piety under the Shining One
  3069 | D:4      | Fell from the grace of the Shining One
  3119 | D:4      | Reached skill level 7 in Bows
  3119 | D:4      | Reached XP level 6. HP: 41/50 MP: 6/6
  3510 | D:4      | Found a stormy altar of Qazlal.
  3524 | D:4      | Noticed Natasha
  3528 | D:4      | Killed Natasha
  3604 | D:4      | Noticed Edmund
  3682 | D:4      | Killed Edmund
  3682 | D:4      | Reached XP level 7. HP: 57/57 MP: 7/7
  3732 | D:4      | Found a burning altar of Makhleb.
  3780 | D:4      | Noticed Blork the orc
  3786 | D:4      | Killed Blork the orc
  3840 | D:4      | Noticed Natasha
  3844 | D:4      | Killed Natasha
  3863 | D:4      | Found a bloodstained altar of Trog.
  4000 | D:5      | Entered Level 5 of the Dungeon
  4231 | D:5      | Noticed Pikel
  4293 | D:5      | Killed Pikel
  4293 | D:5      | Reached skill level 5 in Polearms
  4293 | D:5      | Reached skill level 8 in Bows
  4293 | D:5      | Reached XP level 8. HP: 60/66 MP: 8/8
  4713 | D:4      | Noticed Natasha
  4718 | D:4      | Killed Natasha
  4903 | D:6      | Found Nyruklargh's Assorted Antiques.
  5048 | D:6      | Reached XP level 9. HP: 72/73 MP: 9/9
  5058 | D:6      | Reached skill level 5 in Fighting
  5297 | D:6      | Found a burning altar of Makhleb.
  5555 | D:6      | Reached skill level 9 in Bows
  5683 | D:7      | Found an iron altar of Okawaru.
  5690 | D:7      | Became a worshipper of Warmaster Okawaru
  5883 | D:7      | Reached skill level 5 in Maces & Flails
  6389 | D:8      | Noticed a two-headed ogre
  6439 | D:8      | Killed a two-headed ogre
  6439 | D:8      | Reached * piety under Okawaru
  6439 | D:8      | Reached ** piety under Okawaru
  6577 | D:8      | Reached XP level 10. HP: 37/83 MP: 11/11
  6843 | D:8      | Reached skill level 10 in Bows
  6849 | D:8      | Found a staircase to the Lair.
  6931 | D:8      | Found a shimmering altar of Xom.
  7000 | D:8      | Reached *** piety under Okawaru
  7271 | D:8      | Noticed Erica
  7593 | D:8      | Killed Erica
  7593 | D:8      | Reached **** piety under Okawaru
  8066 | D:9      | Found an ancient bone altar of Kikubaaqudgha.
  8289 | D:9      | Reached skill level 5 in Armour
  8342 | D:9      | Reached XP level 11. HP: 34/92 MP: 12/12
  8410 | D:9      | Found a transporter.
  8410 | D:9      | Noticed a six-headed hydra
  8412 | D:9      | Found a transporter.
  8444 | D:9      | Found a staircase to the Orcish Mines.
  8512 | D:9      | Found an ornate altar of the Wu Jian Council.
  8633 | D:10     | Entered Level 10 of the Dungeon
  8694 | D:10     | Reached ***** piety under Okawaru
  8968 | D:10     | Noticed a skeletal warrior
  9013 | D:10     | Found a transporter.
  9029 | D:10     | Reached skill level 1 in Axes
  9091 | D:10     | Found Tevesi's Distillery.
  9193 | D:10     | Noticed an ogre mage
  9196 | D:10     | Noticed an orc high priest
  9275 | D:10     | Found the +6 arbalest "Damnation" {damnation}
  9352 | D:10     | Received a gift from Okawaru
  9385 | D:10     | Noticed a skeletal warrior
  9554 | D:10     | Killed a skeletal warrior
  9554 | D:10     | Reached skill level 11 in Bows
  9659 | D:10     | Noticed a skeletal warrior
  9766 | D:10     | Killed an unseen horror
  9766 | D:10     | Received a gift from Okawaru
  9841 | D:10     | Killed a skeletal warrior
  9911 | D:10     | Killed a skeletal warrior
  9913 | D:10     | Noticed a skeletal warrior
  9962 | D:10     | Noticed a skeletal warrior
  9978 | D:10     | Killed a skeletal warrior
 10252 | D:10     | Killed a skeletal warrior
 10252 | D:10     | Received a gift from Okawaru
 10529 | D:10     | Found a roughly hewn altar of Beogh.
 10745 | D:11     | Noticed a two-headed ogre
 10754 | D:11     | Killed a two-headed ogre
 10754 | D:11     | Received a gift from Okawaru
 10754 | D:11     | Reached skill level 12 in Bows
 11205 | D:11     | Received a gift from Okawaru
 11273 | D:11     | Reached XP level 12. HP: 90/103 MP: 14/14
 11383 | D:11     | Noticed a four-headed hydra
 11441 | D:11     | Killed a four-headed hydra
 11487 | D:11     | Reached ****** piety under Okawaru
 11489 | D:11     | Got a smoking lead amulet
 11519 | D:11     | Identified the amulet of the Komodo Dragon {Faith rF- rN++} (You took it off an orc priest on level 11 of the Dungeon)
 12128 | D:11     | Noticed a two-headed ogre
 12129 | D:11     | Found a deep blue altar of Sif Muna.
 12207 | D:11     | Got a spiked leather armour
 12229 | D:11     | Killed a two-headed ogre
 12267 | D:11     | Noticed a two-headed ogre
 12278 | D:11     | Killed a two-headed ogre
 12278 | D:11     | Reached skill level 10 in Maces & Flails
 12628 | D:11     | Learned a level 1 spell: Apportation
 13169 | D:11     | Identified the cursed +1 leather armour of Gyirch {*Corrode +Inv Dex+7 Stlth-} (You took it off a big kobold on level 11 of the Dungeon)
 13378 | D:11     | Reached skill level 13 in Bows
 13378 | D:11     | Reached skill level 5 in Invocations
 13507 | D:12     | Noticed Sonja
 13514 | D:12     | Killed Sonja
 13983 | D:12     | Noticed a six-headed hydra
 14011 | D:12     | Killed a six-headed hydra
 14011 | D:12     | Received a gift from Okawaru
 14231 | D:12     | Noticed Fascinator's ghost (journeyman DrTm)
 14338 | D:12     | Killed Fascinator's ghost
 14338 | D:12     | Received a gift from Okawaru
 14338 | D:12     | Reached skill level 10 in Fighting
 14355 | D:12     | Got a twisted dire flail {god gift}
 14356 | D:12     | Identified the +4 dire flail of Modesty {freeze, Int+3} (Okawaru gifted it to you on level 12 of the Dungeon)
 14517 | D:12     | Noticed a five-headed hydra
 14524 | D:12     | Killed a five-headed hydra
 14649 | D:12     | Noticed Nergalle
 14663 | D:12     | Killed Nergalle
 14663 | D:12     | Reached skill level 14 in Bows
 14663 | D:12     | Reached XP level 13. HP: 113/113 MP: 17/17
 15641 | D:13     | Found a gate to the Vaults.
 15661 | D:13     | Received a gift from Okawaru
 18238 | D:15     | Entered Level 15 of the Dungeon
 18241 | D:15     | Found a frozen archway.
 18250 | D:15     | Received a gift from Okawaru
 18286 | IceCv    | Entered an ice cave
 18699 | IceCv    | Received a gift from Okawaru
 18968 | IceCv    | Reached XP level 14. HP: 95/124 MP: 20/20
 19142 | IceCv    | Noticed a frost giant
 19880 | IceCv    | Got a vibrating marble ring
 19894 | IceCv    | Identified the Reference Book on the Frostbite
 19922 | IceCv    | Identified the ring "Caliacsoamo" {+Fly Str+5} (You found it in an ice cave)
 20019 | IceCv    | Killed a frost giant
 20282 | D:15     | Received a gift from Okawaru
 20451 | D:15     | Noticed Rupert
 20461 | D:15     | Paralysed by Rupert for 2 turns
 22030 | D:15     | Noticed a fire giant
 22134 | D:15     | Found a staircase to the Depths.
 22434 | D:15     | Found Ejellipt's Weapon Shop.
 22566 | D:15     | Killed a fire giant
 22634 | D:15     | Paralysed by Rupert for 4 turns
 22675 | D:15     | Paralysed by Rupert for 6 turns
 22962 | D:15     | Found Buufu's Jewellery Shop.
 23208 | D:15     | Paralysed by Rupert for 6 turns
 23250 | D:15     | Paralysed by Rupert for 7 turns
 23734 | Lair:1   | Entered Level 1 of the Lair of Beasts
 24107 | Lair:1   | Noticed Gastronok
 24125 | Lair:1   | Killed Gastronok
 25296 | Lair:3   | Received a gift from Okawaru
 26698 | Lair:4   | Found a staircase to the Snake Pit.
 26814 | Lair:4   | Found a staircase to the Swamp.
 27201 | Lair:5   | Reached skill level 1 in Evocations
 27946 | Lair:5   | Reached XP level 15. HP: 116/134 MP: 21/21
 28922 | Lair:6   | Entered Level 6 of the Lair of Beasts
 28972 | Lair:6   | Found a staircase to the Slime Pits.
 28972 | Lair:6   | Found a viscous altar of Jiyva.
 29503 | Lair:6   | Received a gift from Okawaru
 29521 | Lair:6   | Got a translucent ring mail {god gift}
 29549 | Lair:5   | Identified the +2 ring mail "Zafe" {Stlth+} (Okawaru gifted it to you on level 6 of the Lair of Beasts)
 31425 | Lair:6   | Reached skill level 10 in Armour
 32763 | Lair:6   | Got a translucent steel ring
 32765 | Lair:6   | Identified the ring "Ivvon" {MP-9 Str+2 SInv Stlth-} (You found it on level 6 of the Lair of Beasts)
 33450 | Orc:1    | Entered Level 1 of the Orcish Mines
 33521 | Orc:2    | Entered Level 2 of the Orcish Mines
 33568 | Orc:2    | Noticed an orc warlord
 33809 | Orc:1    | Killed an orc warlord
 33809 | Orc:1    | Received a gift from Okawaru
 33812 | Orc:1    | Got a scorched ring mail {god gift}
 33823 | Orc:1    | Identified the +3 ring mail of Spring Thaw {+Fly rElec rF- Stlth-} (Okawaru gifted it to you on level 1 of the Orcish Mines)
 33881 | Orc:2    | Paralysed by an orc sorcerer for 7 turns
 33936 | Orc:2    | Found Keowebumo's Antique Armour Shoppe.
 34225 | Orc:2    | Noticed GotenAND's ghost (journeyman DDFi)
 34310 | Orc:2    | Found Hutaoq's General Store.
 34342 | Orc:2    | Found Ciudea's Jewellery Boutique.
 34506 | Orc:1    | Noticed Harold
 35509 | Orc:2    | Killed GotenAND's ghost
 36461 | Orc:2    | Found Ynwaam's Antique Weapon Boutique.
 36468 | Orc:2    | Found a staircase to the Elven Halls.
 36474 | Orc:2    | Bought an ivory executioner's axe for 510 gold pieces
 36791 | Orc:1    | Killed Harold
 37380 | Orc:2    | Bought the ring "Fommeolu" {rPois rF+ MP+9 Str+3 Stlth+} for 804 gold pieces
 37384 | Orc:2    | Bought an uncursed ring of protection from magic for 425 gold pieces
 37384 | Orc:2    | Bought an uncursed ring of protection from magic for 425 gold pieces
 37414 | Elf:1    | Entered Level 1 of the Elven Halls
 37414 | Elf:1    | Found Gout's Weapon Boutique.
 37685 | Elf:1    | Found Vema's General Store.
 37723 | Elf:1    | Found Oterrech's Assorted Antiques.
 37729 | Elf:1    | Slain by a dire flail of venom

Skill      XL: |  1  2  3  4  5  6  7  8  9 10 11 12 13 14 15 |
---------------+----------------------------------------------+-----
Bows           | 6 7 8 9 10 12 14 | 14.0
Polearms       | 1 2 3 4 5 6 7 |  7.0
Armour         | 1 2 3 4 5 6 7 9 10 | 10.8
Fighting       | 3 4 6 7 8 10 11 12 13 | 13.5
Maces & Flails | 2 3 6 8 9 10 11 12 13 | 13.6
Invocations    | 2 3 6 8 |  8.0
Axes           | 1 |  1.3
Evocations     | 1 4 |  4.4
Dodging        | |  1.3
Stealth        | |  0.4

Action                   |  1- 3 |  4- 6 |  7- 9 | 10-12 | 13-15 || total
-------------------------+-------+-------+-------+-------+-------++-------
Melee: Spear             |   137 |   133 |       |       |       ||   270
       Short sword       |     8 |       |       |       |       ||     8
       Kick              |    16 |    54 |    58 |   174 |   411 ||   713
       Trident           |       |    66 |       |       |     1 ||    67
       Halberd           |       |    43 |     1 |       |       ||    44
       Dire flail        |       |       |   245 |   639 |  1238 ||  2122
       Glaive            |       |       |       |    26 |       ||    26
       War axe           |       |       |       |     9 |       ||     9
       Shortbow          |       |       |       |     1 |       ||     1
       Broad axe         |       |       |       |     1 |       ||     1
       Great mace        |       |       |       |       |   306 ||   306
 Fire: Shortbow          |     2 |    63 |    81 |   532 |  1190 ||  1868
Throw: Tomahawk          |       |     2 |     2 |    15 |    30 ||    49
Invok: Renounce Religion |       |     1 |       |       |       ||     1
       Heroism           |       |       |       |       |     3 ||     3
  Use: Scroll            |       |       |       |    10 |    18 ||    28
  Eat: Chunk             |       |     7 |     6 |    19 |    40 ||    72
       Ration            |       |       |       |     1 |     6 ||     7
Armor: Leather armour    |    30 |       |       |       |       ||    30
       Scale mail        |     6 |    69 |       |       |     1 ||    76
       Chain mail        |       |    19 |   188 |       |   237 ||   444
       Plate armour      |       |       |       |   599 |  1198 ||  1797
Dodge: Dodged            |    49 |    62 |    57 |    79 |   230 ||   477
